 Dungeon Crawl Stone Soup version 0.18.1-50-g88ac8fd (webtiles) character file.

641 sleepydude the Shield-Bearer (level 7, -8/57 HPs)
             Began as a Formicid Fighter on Oct 16, 2016.
             Mangled by an ogre
             ... wielding a +0 giant club
              (11 damage)
             ... on level 4 of the Dungeon.
             The game lasted 00:13:51 (2944 turns).

sleepydude the Shield-Bearer (Formicid Fighter)     Turns: 2944, Time: 00:13:51

Health: -8/57      AC: 11    Str: 22    XL:     7   Next: 81%
Magic:  7/7        EV:  7    Int:  8    God:
Gold:   150        SH: 10    Dex: 10    Spells: 0 memorised, 6 levels left

rFire  . . .     SeeInvis +     a - +0 flail
rCold  . . .     Gourm    .     t - +0 chain mail
rNeg   . . .     Faith    .     c - +0 shield
rPois  .         Spirit   .     (helmet unavailable)
rElec  .         Dismiss  .     o - +0 cloak
rCorr  .         Reflect  .     (no gloves)
SustAt .         Harm     .     (no boots)
MR     .....                    (no amulet)
Stlth  ..........               (no ring)
                                (no ring)

@: not resistant to hostile enchantments, extremely unstealthy
A: permanent stasis, dig shafts and tunnels, four strong arms, antennae 3
a: Dig, Shaft Self


You were on level 4 of the Dungeon.
You were not hungry.

You visited 1 branch of the dungeon, and saw 4 of its levels.

You collected 150 gold pieces.

Inventory:

Hand Weapons
 a - a +0 flail (weapon)
Armour
 c - a +0 shield (worn)
 o - a +0 cloak (worn)
 t - a +0 chain mail (worn)
Wands
 d - a wand of digging (14/24)
 s - a wand of slowing (21/48)
Scrolls
 e - 2 scrolls of teleportation {unknown}
 g - a scroll of immolation {unknown}
 h - 3 scrolls of identify {unknown}
 m - a scroll of blinking {unknown}
 n - a scroll of remove curse {unknown}
 p - a scroll of enchant weapon {unknown}
 u - 2 scrolls of fog {unknown}
Potions
 b - a potion of lignification {unknown}
 i - a potion of heal wounds {unknown}
 j - a potion of flight {unknown}
 k - a potion of cure mutation {unknown}
 q - a potion of haste {unknown}
 r - a potion of curing {unknown}
 v - a potion of resistance {unknown}
Comestibles
 f - 3 bread rations
 l - 4 fruits


   Skills:
 + Level 5.6 Fighting
 + Level 4.2 Maces & Flails
 + Level 5.2 Armour
 + Level 5.9 Shields


You had 6 spell levels left.
You didn't know any spells.

Dungeon Overview and Level Annotations

Branches:
Dungeon (4/15)
 Temple: D:4-7

Altars:
Cheibriados
Elyvilon
Kikubaaqudgha
Nemelex Xobeh
Trog
Vehumet


Innate Abilities, Weirdness & Mutations

You are under a permanent stasis effect.
You can dig through walls and to a lower floor.
Your four strong arms can wield two-handed weapons with a shield.
You have a pair of large antennae on your head (SInv).


Message History

You are too injured to fight recklessly!
You are too injured to fight recklessly!
You are too injured to fight recklessly!
You are too injured to fight recklessly!
You are too injured to fight recklessly!
You are too injured to fight recklessly!
You are too injured to fight recklessly!
You are too injured to fight recklessly!
You are too injured to fight recklessly!
You are too injured to fight recklessly!
Your shield and chain mail prevent you from hitting the ogre.
The ogre is heavily wounded.
You block the ogre's attack.
Your chain mail prevents you from hitting the ogre.
The ogre is heavily wounded.
You block the phantom's attack. x2
Your chain mail prevents you from hitting the ogre.
The ogre is heavily wounded.
The ogre hits you with a giant club!
You die...

#########.....#
..............##########.#
#########.....#..........# .#
###........#############
.######..........## ....#
............#..#..#######....#
............#...#............#
............##..W#######.....#
...#........##.#@# #......#
##.##..........#O## ##.######
#..........#.....# #s.#
#.#..............####.###
#.##....................#
##.##....................##
..........................#
......######..............# {
....### #............$.# {


You could see a phantom and an ogre.

Vanquished Creatures
  Sigmund (D:3)
  An ogre (D:3)
  2 scorpions (D:4)
  An orc wizard (D:3)
  Jessica (D:2)
  Natasha (thrice) (D:3)
  An iguana (D:4)
  A hound skeleton (D:3)
  4 adders (D:2)
  2 oozes
  An adder skeleton (D:3)
  A worm (D:4)
  A dart slug (D:1)
  2 giant geckos
  7 orcs
  2 ball pythons
  12 bats
  4 giant cockroaches
  8 hobgoblins
  7 jackals (D:4)
  2 quokkas (D:3)
  A giant newt (D:4)
  8 goblins
  14 kobolds
  8 rats
  A plant (D:1)
96 creatures vanquished.

Notes
Turn   | Place    | Note
--------------------------------------------------------------
     0 | D:1      | sleepydude the Formicid Fighter began the quest for the Orb.
     0 | D:1      | Reached XP level 1. HP: 18/18 MP: 1/1
   196 | D:1      | Reached XP level 2. HP: 24/24 MP: 2/2
   336 | D:1      | Reached XP level 3. HP: 15/29 MP: 3/3
  1077 | D:2      | Reached XP level 4. HP: 35/37 MP: 4/4
  1103 | D:2      | Found an ancient bone altar of Kikubaaqudgha.
  1240 | D:2      | Found a sparkling altar of Nemelex Xobeh.
  1240 | D:2      | Noticed Jessica
  1246 | D:2      | Killed Jessica
  1304 | D:2      | Reached XP level 5. HP: 36/42 MP: 5/5
  1539 | D:2      | Found a bloodstained altar of Trog.
  1685 | D:3      | Noticed Sigmund
  1754 | D:3      | Found a white marble altar of Elyvilon.
  1759 | D:3      | Found a radiant altar of Vehumet.
  1790 | D:3      | Found a snail-covered altar of Cheibriados.
  1878 | D:3      | Killed Sigmund
  1878 | D:3      | Reached skill level 5 in Fighting
  1878 | D:3      | Reached skill level 5 in Shields
  1878 | D:3      | Reached XP level 6. HP: 31/51 MP: 6/6
  1942 | D:3      | Noticed Natasha
  1957 | D:3      | Killed Natasha
  2024 | D:3      | Reached XP level 7. HP: 42/56 MP: 7/7
  2155 | D:3      | Reached skill level 5 in Armour
  2284 | D:3      | Noticed Natasha
  2295 | D:3      | Killed Natasha
  2320 | D:3      | Noticed Natasha
  2327 | D:3      | Killed Natasha
  2940 | D:4      | HP: 2/57 [ogre/giant club (29)]
  2944 | D:4      | Mangled by an ogre

Skill      XL: |  1  2  3  4  5  6  7 |
---------------+----------------------+-----
Shields        | 4 5 |  5.9
Fighting       | 4 5 |  5.6
Armour         | 4 5 |  5.2
Maces & Flails | 3 4 |  4.2

Action                   |  1- 3 |  4- 6 |  7- 9 || total
-------------------------+-------+-------+-------++-------
Melee: Flail             |   139 |   176 |   127 ||   442
 Abil: Dig               |     1 |       |       ||     1
  Use: Potion            |       |     1 |       ||     1
  Eat: Chunk             |     1 |     3 |     2 ||     6
       Beef jerky        |       |       |     1 ||     1
Armor: Scale mail        |    56 |    70 |       ||   126
       Chain mail        |       |    44 |    55 ||    99
Dodge: Dodged            |    48 |    81 |    34 ||   163
Block: Shield            |    79 |   152 |    62 ||   293
